Workbook

Sheet Page 1
B3: BALANCE SHEET
C5: Name: | L5: SSN: | R5: Date of Birth:
C6: Name: | L6: SSN: | R6: Date of Birth:
C7: Address: | Q7: Dependent Children:
C8: City: | H8: State: | L8: Zip: | Q8: Name of Employer:
C9: Tel. No. (Home): | H9: (Cell): | M9: (Cell): | R9: Date:
C11: Current Assets | M11: Current Liabilities
C13: Cash (Schedule #1) ...........................…….…………………………........... | H13: $ | I13: ='Page 2'!H12 -> 0 | M13: Operating Note / Line of Credit (inc. interest) ......………......... | T13: $
C14: Current Notes / Accounts | M14: Term Loans .......................................................………………………………………
C15: Receivable (Sch. #2) ................………...…………………...... | I15: ='Page 2'!F18+'Page 2'!G18 -> 0 | M15: Current Portion - Real Estate Debts (Sch. 9) ...…………………………….. | U15: ='Page 3'!I37+'Page 3'!J37 -> 0
C16: Stock & Bonds (Sch. #3) .....................…………..... | I16: ='Page 2'!H28 -> 0 | M16: Current Portion - Other Secured Debts (Sch. 10) ……………………… | U16: ='Page 3'!J48 -> 0
C17: Livestock (Sch. #4) ............................………………........ | I17: ='Page 2'!H49 -> 0 | M17: Current Portion - Unsecured Debts (Sch. 11) ...…………………………. | U17: ='Page 3'!J56 -> 0
C18: Cash Value Life Insurance ..................……..………………… | M18: Loan On Life Insurance .....................................…………………………………………..
C19: Prepaid Items (Sch. #5) .......................………...……………….... | I19: ='Page 2'!H57 -> 0 | M19: Estimated & Accrued Taxes ..............................…………………………………..
C20: Inventory On Hand (Sch. #6) ...............………….…………..... | I20: ='Page 2'!H68 -> 0 | M20: Accounts Payable / Credit Cards (Sch. #12) ....……………………………… | U20: ='Page 3'!L67 -> 0
C21: .................................................................…………………………… | M21: ..........................................................................…………………………………………….
C22: .................................................................……………………….. | M22: ..........................................................................………………………………………………….
C24: Current Assets Subtotal .......................... | H24: $ | I24: =SUM(I13:I22) -> 0 | M24: Current Liabilities Subtotal ........................... | T24: $ | U24: =SUM(U13:U22) -> 0
C25: Long Term Assets | M25: Long Term Liabilities
C27: Equipment …...................................................…………...... | H27: $ | I27: ='Page 4'!K22 -> 0 | M27: Balance - Term Loan(s) ........................................……………………………. | T27: $
C28: Vehicles (Number _____ ) ...................………………40000. | I28: ='Page 4'!K15 -> 0 | M28: Balance - Other Secured Debts (Sch. # 10).....………………………………. | U28: ='Page 3'!K48 -> 0
C29: Investments in Partnerships | M29: Balance - Unsecured Debt (Sch. #11) ...............……………………………… | U29: ='Page 3'!K56 -> 0
C30: & Closely Held Corporations (Sch. #7) | I30: ='Page 2'!H81 -> 0 | M30: Balance - Real Estate Debts (Sch. # 9) .............……………………………. | U30: ='Page 3'!K37 -> 0
C31: Real Estate (Sch. #8)…………………………………………… | I31: ='Page 3'!L19 -> 0 | M31: Deferred Taxes Payable ......................................………………………………
C32: Depreciable Improvements (Sch. #8) ……………………...... | M32: ..........................................................................………………………………………………
C33: Non-Current Notes & Accounts | M33: ..........................................................................……………………………………………….
C34: Receivable (Sch. #2) ..............……………………........ | I34: ='Page 2'!H18 -> 0 | M34: ..........................................................................……………………………………………………
C35: IRA's……………………………………………………………………………… | M35: …………………………………………..............................................................................
C37: Long Term Assets Subtotal ................…………………….... | H37: $ | I37: =SUM(I27:I35) -> 0 | M37: Long Term Liability Subtotal .................................…………………………….. | T37: $ | U37: =SUM(U27:U35) -> 0
C38: Total Assets ..................................……………………...... | H38: $ | I38: =I24+I37 -> 0 | M38: Total Liabilities ............................………………………………………….................... | T38: $ | U38: =U24+U37 -> 0
M39: Net Worth .....................................................………………………………………..... | T39: $ | U39: =I38-U38 -> 0
F40: ANNUAL INCOME | I40: (REFER TO FEDERAL INCOME TAX RETURNS FOR PREVIOUS YEAR) | M40: CONTINGENT LIABILITIES
C41: SALARY OR WAGES | M41: DO YOU HAVE ANY CONTINGENT LIABILITIES? _________ | R41: Yes / No | U41: (IF YES, SUMMARIZE BELOW, AND GIVE DETAILS ON SEP. SCHD.)
C42: BONUS AND COMMISSIONS DEM Royalties | M42: AS ENDORSER OR COMAKER
C43: DIVIDENDS AND INTEREST | M43: AS GUARANTOR
C44: RENTALS (Net of Related Expenses) | M44: ON LEASES OR CONTRACTS
C45: OTHER INCOME | F45: See note 1 below before completing this item. | M45: LEGAL CLAIMS OR JUDGEMENTS
C46: Social Security | M46: OTHER OBLIGATIONS OR SPECIAL EXPENSES
E47: TOTAL INCOME | I47: =SUM(I41:I46) -> 0
C48: OTHER INCOME TO BE CONSIDERED | F48: See note 2 below before completing this item. | N48: TOTAL CONTINGENT LIABILITIES
C49: Note 1 - Other Income: | M49: Total Life Insurance Carried is $
C50: Alimony, Child Support, or separate maintenance income need not be revealed if you do not wish to have it
C51: considered as a basis for repaying this obligation. | M51: Has any part of the insurance been assigned? | S51: Yes | U51: No
M52: Are there any judgements of record against you? | S52: Yes | U52: No
C53: Note 2 - Income of other person: | M53: Have you ever been or are you now in bankruptcy? | S53: Yes | U53: No
C54: If you are married and reside in Texas or another community property state, complete this item by stating the | M54: Are you a party to any lawsuit? | S54: Yes | U54: No
C55: income of your spouse. If another person will be jointly obligated with you to repay the credit requested, com- | M55: Are any of the assets included on this statement the
C56: plete this item by stating the income of such other person. Alimony, child support, or separate maintenance | M56: separate property of your spouse? | S56: Yes | U56: No
C57: income of other person need not be revealed if you or the other person does not wish to have it considered
C58: as a basis for repaying this obligation.
C59: (Explain any Yes answers on the back of this statement) | M59: (Explain any Yes answers on the back of this statement)
C61: I (we) certify that the foregoing, including all schedules and attachments, is true and correct to the best of my (our) knowledge and fairly presents my (our) financial position as of
C62: the aforestated date; and I (we) further acknowledge that this Bank is protected by federal statutes that make it a criminal offense to make a false statement in the above presentation
C63: of financial worth or to sell or convert to my (our) use any property mortgaged to the Bank.
C65: OZONA BANK is authorized to contact any appropriate third parties for the purpose of verifying any state information herein and obtaining credit information
C66: at any time from any of my creditors and/or credit reporting agencies. Such financial statement and other information furnished shall be the property of the Bank.
C68: Date: | M68: Signature:
C70: Date: | M70: Signature:

Sheet Page 2
B1: BALANCE SHEET SCHEDULE
B3: ASSETS
B5: No. 1 | C5: Cash and Savings
B6: Name of Institution | D6: Location | E6: $ Checking | F6: $ Savings | G6: $ C.D.'s | H6: Total
H7: =SUM(E7:G7) -> 0
H8: =SUM(E8:G8) -> 0
H9: =SUM(E9:G9) -> 0
H10: =SUM(E10:G10) -> 0
H11: =SUM(E11:G11) -> 0
H12: =SUM(H7:H11) -> 0
B13: No. 2 | C13: Notes and Accounts Receivable
B14: Name of Debtor | D14: % Rate | E14: Date Due | F14: Accrued Interest | G14: Current Balance | H14: Long Term Balance
H15: =IF(B15="","",SUM(F15:G15))
H16: =IF(B16="","",SUM(F16:G16))
F18: =SUM(F15:F17) -> 0 | G18: =SUM(G15:G17) -> 0 | H18: =SUM(H15:H17) -> 0
B19: No. 3 | C19: Stocks and Bonds
B20: Name of Corporation | D20: No. Shares | E20: $ / share | F20: $Cost | G20: Pledged (Yes or No) | H20: Market Value
H21: =D21*E21 -> 0
H22: =D22*E22 -> 0
H23: =D23*E23 -> 0
H24: =D24*E24 -> 0
H25: =D25*E25 -> 0
H26: =D26*E26 -> 0
H27: =D27*E27 -> 0
H28: =SUM(H21:H27) -> 0
B29: No. 4 | C29: Livestock
C30: Description | D30: No. hd. | E30: Ages/Wts. | F30: Brands | G30: $ Per Unit | H30: Value
H31: =D31*G31 -> 0
H32: =D32*G32 -> 0
H33: =D33*G33 -> 0
H34: =D34*G34 -> 0
H35: =D35*G35 -> 0
H36: =D36*G36 -> 0
H37: =D37*G37 -> 0
H38: =D38*G38 -> 0
H39: =D39*G39 -> 0
H40: =D40*G40 -> 0
H41: =D41*G41 -> 0
H42: =D42*G42 -> 0
... H48: =D48*G48 -> 0
H49: =SUM(H31:H48) -> 0
B50: No. 5 | C50: Prepaid Items
B51: Description | E51: Quantity | F51: Unit | G51: Value/unit | H51: Value
H52: =E52*G52 -> 0
H53: =E53*G53 -> 0
H54: =E54*G54 -> 0
H55: =E55*G55 -> 0
H56: =E56*G56 -> 0
H57: =SUM(H52:H56) -> 0
B58: No. 6 | C58: Inventory on Hand
B59: Description | D59: Quantity | E59: $ Per Unit | F59: $ For Use | G59: $ For Sale | H59: Value
H60: =D60*E60 -> 0
H61: =D61*E61 -> 0
H62: =D62*E62 -> 0
H63: =D63*E63 -> 0
H64: =D64*E64 -> 0
H65: =D65*E65 -> 0
H66: =D66*E66 -> 0
H67: =D67*E67 -> 0
H68: =SUM(H60:H67) -> 0
B69: No. 7 | C69: Investments in Partnerships & Closely Held Corporations
F70: $ Personal | G70: Balance Sheet
B71: Name | F71: Liability | G71: Attached (Yes or No) | H71: Value
H74: =IF(B74="","",(#REF!)*(F74+#REF!))
H75: =IF(B75="","",(#REF!)*(F75+#REF!))
H76: =IF(B76="","",(#REF!)*(F76+#REF!))
H77: =IF(B77="","",(#REF!)*(F77+#REF!))
H78: =IF(B78="","",(#REF!)*(F78+#REF!))
H79: =IF(B79="","",(#REF!)*(F79+#REF!))
H80: =IF(B80="","",(#REF!)*(F80+#REF!))
H81: =SUM(H72:H80) -> 0

Sheet Page 3
B4: No. 8 | C4: Real Estate Owned
G5: % | H5: Acres | I5: $ | J5: $ | K5: $ | L5: Total
B6: No. | C6: Acres | D6: Location | F6: $/Unit | G6: Owned | H6: Cult. | I6: Cost | J6: Land | K6: Improvements | L6: Market Value
B7: 1 | L7: =C7*F7 -> 0
B8: 2 | L8: =C8*F8 -> 0
B9: 3 | L9: =C9*F9 -> 0
B10: 4 | L10: =C10*F10 -> 0
B11: 5 | L11: =C11*F11 -> 0
B12: 6 | L12: =C12*F12 -> 0
B13: 7 | L13: =C13*F13 -> 0
B14: 8 | L14: =C14*F14 -> 0
B15: 9 | L15: =C15*F15 -> 0
B16: 10 | L16: =C16*F16 -> 0
B17: 11 | L17: =C17*F17 -> 0
B18: 12 | L18: =C18*F18 -> 0
D19: (H) Homestead Designation | G19: Totals | H19: =IF($D$7="","",($F$7*H7)+($F$8*H8)+($F$9*H9)+($F$10*H10)+($F$11*H11)+($F$12*H12)+($F$13*H13)+($F$14*H14)+($F$15*H15)+($F$16*H16)+($F$17*H17)+($F$18*H18)) | I19: =IF($D$7="","",($F$7*I7)+($F$8*I8)+($F$9*I9)+($F$10*I10)+($F$11*I11)+($F$12*I12)+($F$13*I13)+($F$14*I14)+($F$15*I15)+($F$16*I16)+($F$17*I17)+($F$18*I18)) | K19: =IF($D$7="","",($F$7*K7)+($F$8*K8)+($F$9*K9)+($F$10*K10)+($F$11*K11)+($F$12*K12)+($F$13*K13)+($F$14*K14)+($F$15*K15)+($F$16*K16)+($F$17*K17)+($F$18*K18)) | L19: =SUM(L7:L18) -> 0
B22: LIABILITIES
G24: Date
B25: Name of Creditor | F25: Security | G25: Payment | H25: % | I25: Accrued | J25: Current | K25: Long Term | L25: Total
F26: (No. as Above) | G26: Due | H26: Int. | I26: Int. | J26: (12 mos. Payments) | K26: Balance | L26: Debt
B27: No. 9 | C27: Real Estate Debt
L28: =SUM(J28:K28) -> 0
L29: =SUM(J29:K29) -> 0
L30: =SUM(J30:K30) -> 0
L31: =SUM(J31:K31) -> 0
L32: =SUM(J32:K32) -> 0
L33: =SUM(J33:K33) -> 0
L34: =SUM(J34:K34) -> 0
L35: =SUM(J35:K35) -> 0
L36: =SUM(J36:K36) -> 0
G37: Totals | I37: =IF($B$28="","",SUM(I27:I36)) | J37: =SUM(J28:J36) -> 0 | K37: =SUM(K28:K36) -> 0
B38: No. 10 | C38: Other Secured Debts
L39: =SUM(J39:K39) -> 0
L40: =SUM(J40:K40) -> 0
L41: =SUM(J41:K41) -> 0
L42: =SUM(J42:K42) -> 0
L43: =SUM(J43:K43) -> 0
L44: =SUM(J44:K44) -> 0
L45: =SUM(J45:K45) -> 0
L46: =SUM(J46:K46) -> 0
L47: =SUM(J47:K47) -> 0
G48: Totals | J48: =SUM(J39:J47) -> 0 | K48: =SUM(K39:K47) -> 0
B49: No. 11 | C49: Unsecured Debts
L50: =J50+K50 -> 0
L51: =J51+K51 -> 0
L52: =J52+K52 -> 0
L53: =J53+K53 -> 0
L54: =J54+K54 -> 0
L55: =J55+K55 -> 0
G56: Totals | I56: =IF(B50="","",SUM(I50:I55)) | J56: =SUM(J50:J55) -> 0 | K56: =SUM(K50:K55) -> 0
B57: No. 12 | C57: Accounts Payable/ Credit Cards
K67: Totals | L67: =SUM(L58:L66) -> 0
B68: Comment on any increase or decreases in net worth, addressing the profits or losses of the operation being financed by other profits and losses, appreciation, gifts or
B69: inheritance, divorce or their combination.
B76: OTHER CREDIT REFERENCES
J77: High Credit | K77: Date Open | L77: Date Paid

Sheet Page 4
B4: SCHEDULE OF EQUIPMENT
B7: Model | C7: Complete Description | I7: Serial | J7: Borrower's | L7: Bank
B8: Year | I8: Number | J8: Value | L8: Value Collateral
H15: Vehicles | K15: =SUM(J9:J14) -> 0
H22: Equipment | K22: =SUM(J16:J21) -> 0
I37: Totals | J37: =SUM(J9:J36) -> 0 | K37: =IF($C$9="","",SUM(K9:K36))
